 Dungeon Crawl Stone Soup version 0.25.1-2-g60ff931df9 (webtiles) character file.

Game seed: 1614221887760338033

2097 DungeonDestroyer the Chopper (level 9, -2/71 HPs)
             Began as a Formicid Fighter on Aug 17, 2020.
             Was a Follower of Nemelex Xobeh.
             Slain by an ogre
             ... wielding a +0 giant spiked club
              (4 damage)
             ... on level 6 of the Dungeon.
             The game lasted 00:09:24 (5521 turns).

DungeonDestroyer the Chopper (Formicid Fighter)     Turns: 5521, Time: 00:09:24

Health: -2/71      AC: 12    Str: 22    XL:     9   Next: 52%
Magic:  13/13      EV:  7    Int:  8    God:    Nemelex Xobeh [*.....]
Gold:   316        SH: 11    Dex: 10    Spells: 8/8 levels left

rFire    . . .     SeeInvis +   a - +1 war axe
rCold    . . .     Gourm    .   c - +1 kite shield
rNeg     . . .     Faith    .   p - +0 chain mail
rPois    .         Spirit   .   (helmet unavailable)
rElec    +         Reflect  .   (no cloak)
rCorr    .         Harm     .   l - +0 pair of gloves
MR       .....                  (no boots)
Stlth    ..........             e - amulet of the acrobat
HPRegen  0.21/turn              (no ring)
MPRegen  0.13/turn              (no ring)

@: no status effects
A: permanent stasis, dig shafts and tunnels, four strong arms, antennae 3,
talons 1, rugged brown scales 1, clumsy 1, electricity resistance
a: Dig, Shaft Self, Draw Escape, Draw Destruction, Draw Summoning, Renounce
Religion


You were on level 6 of the Dungeon.
You worshipped Nemelex Xobeh.
Nemelex Xobeh was aware of your devotion.
You were not hungry.

You visited 2 branches of the dungeon, and saw 7 of its levels.
You also visited: Ossuary.

You collected 316 gold pieces.

Inventory:

Hand Weapons
 a - a +1 war axe (weapon)
 s - a +2 flail of protection
Missiles
 i - 7 silver javelins
 k - 4 javelins (quivered)
Armour
 c - a +1 kite shield (worn)
 l - a +0 pair of gloves (worn)
 p - a +0 chain mail (worn)
Jewellery
 e - an amulet of the acrobat (around neck)
Wands
 b - a wand of flame (22)
 m - a wand of clouds (5)
 q - a wand of random effects (12)
 w - a wand of polymorph (7)
Scrolls
 h - 4 scrolls of identify
 j - a scroll of fear
 n - 2 scrolls of enchant armour
 o - 2 scrolls of amnesia
 t - 2 scrolls of enchant weapon
 u - 2 scrolls of immolation
Potions
 d - a potion of curing
 g - a potion of cancellation
Comestibles
 f - 6 rations
 r - 5 chunks of flesh


   Skills:
 + Level 5.8 Fighting
 + Level 7.6 Axes
 + Level 5.8 Armour
 + Level 2.0 Dodging
 - Level 0.2 Stealth
 + Level 6.2 Shields
 * Level 5.7 Invocations


You had 8 spell levels left.
You didn't know any spells.
Your spell library was empty.

Dungeon Overview and Level Annotations

Branches:
Dungeon (6/15)             Temple (1/1) D:4         Ossuary (visited)

Altars:
Ashenzari
Cheibriados
Dithmenos
Elyvilon
Fedhas
Gozag
Hepliaklqana
Kikubaaqudgha
Makhleb
Nemelex Xobeh
Okawaru
Qazlal
Ru
Sif Muna
Trog
Uskayaw
Vehumet
Wu Jian
Xom
Yredelemnul
Zin
The Shining One

Annotations:
D:4 1 runed translucent door, diiiiiane's ghost, amateur DEFE


Innate Abilities, Weirdness & Mutations

You cannot be hasted, slowed, berserked, paralysed or teleported.
You can dig through walls and to a lower floor.
Your four strong arms can wield two-handed weapons with a shield.
You have a pair of large antennae on your head. (SInv)
You have sharp toenails.
You are partially covered in rugged brown scales. (AC +1, +3% HP)
You are clumsy. (Dex -2)
You are resistant to electric shocks. (rElec)


Message History

The orc warrior hits you with a +0 glaive!
* * * LOW HITPOINT WARNING * * *
You hit the orc warrior but do no damage.
The orc warrior is almost dead.
You block the orc warrior's attack.
An ogre comes into view. It is wielding a +0 giant spiked club.
You slash the orc warrior!
You kill the orc warrior!
Your Dodging skill increases to level 2!
Things that are here:
a +0 glaive; a +0 plate armour
Items here: ) [[ † a +0 hand axe; a cursed +0 chain mail; a +0 scale mail; an orc corpse You draw a card...
You have drawn the Tomb.
Walls emerge from the floor!
You block the ogre's attack.
You draw a card...
You have drawn the Cloud.
Clouds appear around you!
The deck of cards disappears without a trace.
The ogre hits you with a +0 giant spiked club.
You die...
Your body disappears without a glow.

########### #####
#.$.#).....
#...#####.†...#####
####......[$#.#
##@##########.#
##O## ..# #§# #.#
#)# #.# #.# #.# #.#
#..{ #. #........#
..> #.###..... #.#
#. ...# #


You could see an ogre.

Vanquished Creatures
  Edmund (D:4)
  An orc warrior (D:6)
  An ice beast (D:5)
  A phantom (D:5)
  A black bear (D:6)
  2 centaurs (D:5)
  An elf zombie (Ossuary)
  6 elf skeletons (D:4)
  Dowan (D:4)
  2 crimson imps
  3 centaur zombies (Ossuary)
  6 orc wizards
  A bullfrog skeleton (D:5)
  A human zombie (Ossuary)
  An orc priest (D:3)
  4 human skeletons (D:4)
  Natasha (thrice) (D:4)
  An iguana (D:5)
  2 worker ants (D:4)
  A big kobold zombie (Ossuary)
  2 hound zombies (Ossuary)
  3 mummies (Ossuary)
  A gnoll (D:1)
  4 adders
  A shadow imp (D:5)
  3 oozes
  5 adder zombies (Ossuary)
  2 worms
  A dart slug (D:1)
  3 leopard geckos
  13 orcs
  6 giant cockroaches
  7 hobgoblins
  2 jackals (D:2)
  7 kobolds
  6 bats
  3 frilled lizards
  3 gnoll zombies (Ossuary)
  5 goblins
  2 goblin zombies (Ossuary)
  3 hobgoblin zombies (Ossuary)
  3 jackal zombies (Ossuary)
  2 kobold zombies (Ossuary)
  An orc skeleton (D:4)
  A quokka skeleton (D:4)
  4 quokka zombies (Ossuary)
  8 rats
  6 rat zombies (Ossuary)
147 creatures vanquished.

Vanquished Creatures (collateral kills)
  Duvessa (D:4)
1 creature vanquished.

Vanquished Creatures (others)
  A withered plant (D:4)
1 creature vanquished.

Grand Total: 149 creatures vanquished

Notes
Turn   | Place    | Note
-------+----------+-------------------------------------------
     0 | D:1      | DungeonDestroyer the Formicid Fighter began the quest for
                  | the Orb.
     0 | D:1      | Reached XP level 1. HP: 18/18 MP: 1/1
    14 | D:1      | Reached XP level 2. HP: 24/24 MP: 2/2
   113 | D:1      | Reached XP level 3. HP: 28/29 MP: 3/3
  1000 | D:2      | Found a faded altar of an unknown god.
  1053 | D:2      | Reached XP level 4. HP: 35/37 MP: 4/4
  1145 | D:2      | Found a radiant altar of Vehumet.
  1272 | D:2      | Found a hazy altar of Hepliaklqana.
  1553 | D:3      | Found a shattered altar of Ashenzari.
  1558 | D:3      | Reached skill level 3 in Axes
  1558 | D:3      | Reached XP level 5. HP: 19/42 MP: 5/5
  1964 | D:3      | Found a sparkling altar of Nemelex Xobeh.
  1968 | D:3      | Became a worshipper of Nemelex Xobeh the Trickster
  2282 | D:3      | Gained mutation: You are clumsy. (Dex -2) [potion of
                  | mutation]
  2282 | D:3      | Gained mutation: You are weak. (Str -2) [potion of
                  | mutation]
  2282 | D:3      | Gained mutation: You are partially covered in rugged brown
                  | scales. (AC +1, +3% HP) [potion of mutation]
  2282 | D:3      | Gained mutation: Your flesh is cold resistant. (rC+)
                  | [potion of mutation]
  2370 | D:4      | Found a shimmering altar of Xom.
  2386 | D:4      | Noticed Edmund
  2411 | D:4      | Killed Edmund
  2411 | D:4      | Reached skill level 1 in Invocations
  2411 | D:4      | Reached XP level 6. HP: 30/50 MP: 5/7
  2555 | D:4      | Found a staircase to the Ecumenical Temple.
  2589 | D:4      | Found a runed translucent door.
  2589 | D:4      | Noticed diiiiiane's ghost (amateur DEFE)
  2617 | D:4      | Reached skill level 4 in Axes
  2629 | D:4      | Noticed Dowan
  2670 | D:4      | Reached XP level 7. HP: 23/56 MP: 8/8
  2682 | D:4      | Killed Dowan
  2700 | D:4      | Reached skill level 5 in Shields
  2725 | D:4      | Reached skill level 1 in Dodging
  2732 | D:4      | HP: 1/56 [human skeleton (2)]
  2776 | D:4      | Reached skill level 5 in Axes
  2778 | D:4      | Found a sand-covered staircase.
  2785 | Ossuary  | Entered an ossuary
  3099 | Ossuary  | Reached skill level 5 in Armour
  3099 | Ossuary  | Reached XP level 8. HP: 37/62 MP: 10/10
  3583 | Ossuary  | Reached skill level 5 in Fighting
  3686 | Ossuary  | Lost mutation: You are weak. (Str -2) [potion of mutation]
  3686 | Ossuary  | Lost mutation: Your flesh is cold resistant. (rC+) [potion
                  | of mutation]
  3686 | Ossuary  | Gained mutation: You have sharp toenails. [potion of
                  | mutation]
  3686 | Ossuary  | Gained mutation: You are resistant to electric shocks.
                  | (rElec) [potion of mutation]
  3738 | D:4      | Reached skill level 6 in Axes
  3791 | D:4      | Received a gift from Nemelex Xobeh
  3827 | D:4      | Noticed Duvessa
  3838 | D:4      | Killed Duvessa
  3848 | Temple   | Entered the Ecumenical Temple
  4141 | D:4      | Noticed Natasha
  4145 | D:4      | Killed Natasha
  4242 | D:4      | Noticed Natasha
  4252 | D:4      | Killed Natasha
  4464 | D:4      | Noticed Natasha
  4468 | D:4      | Killed Natasha
  4574 | D:4      | Found an ancient bone altar of Kikubaaqudgha.
  4666 | D:5      | Entered Level 5 of the Dungeon
  4708 | D:5      | Reached XP level 9. HP: 62/70 MP: 12/12
  4869 | D:5      | Found a bloodstained altar of Trog.
  5013 | D:5      | Reached * piety under Nemelex Xobeh
  5020 | D:5      | Reached skill level 7 in Axes
  5020 | D:5      | Reached skill level 5 in Invocations
  5513 | D:6      | HP: 1/71 [orc warrior/+0 glaive (12)]
  5521 | D:6      | Slain by an ogre

Illustrated notes

Levels and vault maps discovered:
D:1:      beargit_arrival_greenhouse, layout_loops_ring, serial_rivers,
          chequers_serial_rivers_marsh, chequers_serial_rivers_large_b,
          chequers_serial_rivers_micro_e, chequers_serial_rivers_room_a
D:2:      layout_rooms, overflow_temple_1_default, lemuel_doored_altar,
          chequers_ecumenical_altar_simple_redux
D:3:      layout_rooms, nicolae_overflow_hidden_temple, hex_large,
          minmay_misc_feat_x, minmay_misc_feat_plants, nemelex_dance_club_becter
D:4:      layout_loops_ring, kiku_gazebo_garden_becter, xom_butterflies,
          minmay_temple_entry_water_ring, gammafunk_ghost_grave, first_ration,
          nicolae_ossuary_entry_catacombs, st_stairs_1, uniq_edmund,
          uniq_natasha, uniq_duvessa
D:5:      layout_basic, basic_altar, kennysheep_minor_cross
D:6:      layout_loops_ring, portal_sewer_entry_a
Temple:   eino_temple_scatter_basement

Skill      XL: |  1  2  3  4  5  6  7  8  9 |
---------------+----------------------------+-----
Shields        | 4 5 6 |  6.2
Fighting       | 4 5 |  5.8
Axes           | 3 4 5 6 7 |  7.6
Armour         | 4 5 |  5.8
Invocations    | 1 3 4 5 |  5.7
Dodging        | 1 2 |  2.0
Stealth        | |  0.2

Action                   |  1- 3 |  4- 6 |  7- 9 || total
-------------------------+-------+-------+-------++-------
Melee: War axe           |    99 |   108 |   356 ||   563
       Kick              |       |       |    36 ||    36
Invok: Draw Destruction  |       |       |     1 ||     1
       Draw Summoning    |       |       |     1 ||     1
       Draw Escape       |       |       |     2 ||     2
Evoke: Wand              |       |       |     4 ||     4
  Use: Scroll            |     2 |     4 |     2 ||     8
       Potion            |     1 |     6 |     6 ||    13
  Eat: Chunk             |     1 |     3 |     5 ||     9
       Ration            |       |     1 |     1 ||     2
Armor: Scale mail        |    34 |    39 |    65 ||   138
       Chain mail        |       |       |    46 ||    46
Dodge: Dodged            |    43 |    40 |   108 ||   191
Block: Kite shield       |    60 |    60 |   167 ||   287
